AoeStats
← VLC | DafeKhan

Four Lakes

508742330Analyzed
1v1 RM · 9d ago on Sep 23, 2026· 26m 26s· 2 players
Game mode
Random Map
Map size
Tiny (2 player)
Population
200
Speed
Normal
Resources
Standard
Victory
Conquest
Starting age
Dark Age
Ending age
Imperial Age
RankedLock teamsTeams togetherTeam positionsShared explorationLock speedFull tech treeHidden civsTurbo modeCheats
Victory
Defeat
🇦🇷 Varangians · Argentina
1719
+11
🇨🇴 Lithuanians · Colombia
1597
-11
rW
7:25 Loom
10:01 Feudal Age
10:13 Man-at-Arms
11:00 Double-Bit Axe
18:32 Castle Age
17:52 Scale Barding Armor
21:00 Bow Saw
24:48 Horse Collar
25:51 Chain Barding Armor
27:06 Medium Warships
VLC | DafeKhan
7:05 Loom
9:45 Feudal Age
10:24 Double-Bit Axe
11:40 Town Watch
14:39 Fletching
22:10 Castle Age
23:31 Crossbowman
Connection lost

Rejoining the realm…

Still unreachable

The connection could not be restored.

Session expired

The server has moved on; the page needs a fresh start.